Workbook

Sheet Spis wykresów i map
A1: Spis wykresów i map
A2: Lisat of charts and maps
A7: Wykres 1. | B7: Nowo zarejestrowane i wyrejestrowane przedsiębiorstwa — styczeń 2025 r.
A8: Chart 1. | B8: Newly registered and deregistered enterprises — January 2025
A9: Wykres 2. | B9: Przedsiębiorstwa wpisane do rejestru REGON według powiatów
A10: Chart 2. | B10: Enterprises in the REGON register by powiats
A11: Wykres 3. | B11: Bezrobotni będący w szczególnej sytuacji na rynku pracy w końcu stycznia 2025 r.
A12: Chart 3. | B12: Unemployed persons in a special situation on the labour market at the end of January 2025
A13: Wykres 4. | B13: Korzystający z noclegów w turystycznych obiektach noclegowych w grudniu 2024 r.
A14: Chart 4. | B14: Tourists accommodated in tourist accommodation facilities in December 2024
A15: Wykres 5. | B15: Wybrane przestępstwa stwierdzone w okresie od stycznia do września 2024 r.
A16: Chart 5. | B16: Selected ascertained crimes in January-September 2024
A20: Mapa 1. | B20: Przedsiębiorstwa nowo zarejestrowane w układzie przestrzennym
A21: Map 1. | B21: Newly registered enterprises in spatial layout
... A65: Map 23. | B65: The number and value of signed contracts for financing projects under the RDP 2014–2020 (at the end of January 2025)

Sheet Wykres 1
A1: =_xlfn.CONCAT('Spis wykresów i map'!A7," ",'Spis wykresów i map'!B7) -> Wykres 1. Nowo zarejestrowane i wyrejestrowane przedsiębiorstwa — styczeń 2025 r. | F1: Powrót do spisu
A2: =_xlfn.CONCAT('Spis wykresów i map'!A8," ",'Spis wykresów i map'!B8) -> Chart 1. Newly registered and deregistered enterprises — January 2025 | F2: Back to the list
A3: Wyszczególnienie Specification | B3: Nowo zarejestrowane Newly registered | C3: Wyrejestrowane Deregistered
A4: POLSKA Poland | B4: 30061 | C4: 23857
A5: WOJ. PODKARPACKIE | B5: 1222 | C5: 955
A6: Powiat bieszczadzki | B6: 11 | C6: 11
A7: Powiat brzozowski | B7: 22 | C7: 19
A8: Powiat dębicki | B8: 59 | C8: 73
A9: Powiat jarosławski | B9: 70 | C9: 49
A10: Powiat jasielski | B10: 53 | C10: 39
A11: Powiat kolbuszowski | B11: 24 | C11: 28
A12: Powiat krośnieński | B12: 48 | C12: 38
A13: Powiat leski | B13: 16 | C13: 14
A14: Powiat leżajski | B14: 40 | C14: 20
A15: Powiat lubaczowski | B15: 22 | C15: 20
... A30: M.Tarnobrzeg | B30: 30 | C30: 18

Sheet Wykres 2
A1: =_xlfn.CONCAT('Spis wykresów i map'!A9," ",'Spis wykresów i map'!B9) -> Wykres 2. Przedsiębiorstwa wpisane do rejestru REGON według powiatów | O1: Powrót do spisu
A2: =_xlfn.CONCAT('Spis wykresów i map'!A10," ",'Spis wykresów i map'!B10) -> Chart 2. Enterprises in the REGON register by powiats | O2: Back to the list
B3: Miesiące
A4: Rok 2025 | B4: 1 | C4: 2 | D4: 3 | E4: 4 | F4: 5 | G4: 6 | H4: 7 | I4: 8 | J4: 9 | K4: 10 | L4: 11 | M4: 12
A5: bieszczadzki | B5: 2331
A6: brzozowski | B6: 4216
A7: dębicki | B7: 11192
A8: jarosławski | B8: 9361
A9: jasielski | B9: 8774
A10: kolbuszowski | B10: 4535
A11: krośnieński | B11: 8741
A12: leski | B12: 3383
A13: leżajski | B13: 4936
A14: lubaczowski | B14: 3563
A15: łańcucki | B15: 7401
A16: mielecki | B16: 12238
... A29: Tarnobrzeg | B29: 4750
B31: Miesiące
A32: Rok 2024 | B32: 1 | C32: 2 | D32: 3 | E32: 4 | F32: 5 | G32: 6 | H32: 7 | I32: 8 | J32: 9 | K32: 10 | L32: 11 | M32: 12
A33: bieszczadzki | B33: 2330 | C33: 2328 | D33: 2348 | E33: 2347 | F33: 2356 | G33: 2343 | H33: 2348 | I33: 2344 | J33: 2353 | K33: 2342 | L33: 2340 | M33: 2332
A34: brzozowski | B34: 4139 | C34: 4136 | D34: 4144 | E34: 4143 | F34: 4180 | G34: 4196 | H34: 4205 | I34: 4217 | J34: 4224 | K34: 4230 | L34: 4231 | M34: 4218
A35: dębicki | B35: 10895 | C35: 10937 | D35: 10966 | E35: 11030 | F35: 11055 | G35: 11112 | H35: 11134 | I35: 11174 | J35: 11191 | K35: 11212 | L35: 11232 | M35: 11213
A36: jarosławski | B36: 9123 | C36: 9122 | D36: 9138 | E36: 9183 | F36: 9237 | G36: 9262 | H36: 9290 | I36: 9305 | J36: 9318 | K36: 9354 | L36: 9358 | M36: 9345
A37: jasielski | B37: 8601 | C37: 8612 | D37: 8611 | E37: 8647 | F37: 8657 | G37: 8675 | H37: 8652 | I37: 8684 | J37: 8715 | K37: 8742 | L37: 8752 | M37: 8764
A38: kolbuszowski | B38: 4411 | C38: 4412 | D38: 4424 | E38: 4441 | F38: 4452 | G38: 4460 | H38: 4469 | I38: 4475 | J38: 4484 | K38: 4512 | L38: 4524 | M38: 4538
A39: krośnieński | B39: 8585 | C39: 8600 | D39: 8609 | E39: 8621 | F39: 8656 | G39: 8672 | H39: 8672 | I39: 8713 | J39: 8723 | K39: 8736 | L39: 8745 | M39: 8734
A40: leski | B40: 3331 | C40: 3318 | D40: 3327 | E40: 3327 | F40: 3353 | G40: 3358 | H40: 3367 | I40: 3370 | J40: 3371 | K40: 3383 | L40: 3387 | M40: 3382
A41: leżajski | B41: 4843 | C41: 4849 | D41: 4838 | E41: 4837 | F41: 4842 | G41: 4846 | H41: 4876 | I41: 4898 | J41: 4896 | K41: 4903 | L41: 4914 | M41: 4916
A42: lubaczowski | B42: 3545 | C42: 3552 | D42: 3555 | E42: 3556 | F42: 3566 | G42: 3558 | H42: 3548 | I42: 3565 | J42: 3554 | K42: 3577 | L42: 3573 | M42: 3567
A43: łańcucki | B43: 7171 | C43: 7175 | D43: 7182 | E43: 7210 | F43: 7256 | G43: 7283 | H43: 7296 | I43: 7312 | J43: 7336 | K43: 7366 | L43: 7371 | M43: 7392
... A57: Tarnobrzeg | B57: 4757 | C57: 4761 | D57: 4774 | E57: 4766 | F57: 4751 | G57: 4762 | H57: 4753 | I57: 4755 | J57: 4751 | K57: 4756 | L57: 4757 | M57: 4740

Sheet Wykres 3
A1: =_xlfn.CONCAT('Spis wykresów i map'!A11," ",'Spis wykresów i map'!B11) -> Wykres 3. Bezrobotni będący w szczególnej sytuacji na rynku pracy w końcu stycznia 2025 r. | L1: Powrót do spisu
A2: =_xlfn.CONCAT('Spis wykresów i map'!A12," ",'Spis wykresów i map'!B12) -> Chart 3. Unemployed persons in a special situation on the labour market at the end of January 2025 | L2: Back to the list
A4: Wyszczególnienie Specification | B4: Do 25 roku życia Up to the age of 25 | C4: Powyżej 50 roku życia Over the age of 50
B5: %
A6: Powiat bieszczadzki | B6: 14.854772 | C6: 21.991701
A7: Powiat brzozowski | B7: 15.57916 | C7: 23.621649
A8: Powiat dębicki | B8: 19.171405 | C8: 23.151909
A9: Powiat jarosławski | B9: 15.376613 | C9: 23.741157
A10: Powiat jasielski | B10: 14.540816 | C10: 23.489011
A11: Powiat kolbuszowski | B11: 15.727554 | C11: 26.563467
A12: Powiat krośnieński | B12: 14.291401 | C12: 25.517516
A13: Powiat leski | B13: 12.020316 | C13: 26.410835
A14: Powiat leżajski | B14: 15.871501 | C14: 22.264631
A15: Powiat lubaczowski | B15: 18.699187 | C15: 26.829268
A16: Powiat łańcucki | B16: 17.631677 | C16: 22.786702
A17: Powiat mielecki | B17: 16.135144 | C17: 23.681718
... A30: M.Tarnobrzeg | B30: 12.179487 | C30: 28.937729

Sheet Wykres 4
A1: =_xlfn.CONCAT('Spis wykresów i map'!A13," ",'Spis wykresów i map'!B13) -> Wykres 4. Korzystający z noclegów w turystycznych obiektach noclegowych w grudniu 2024 r. | L1: Powrót do spisu
A2: =_xlfn.CONCAT('Spis wykresów i map'!A14," ",'Spis wykresów i map'!B14) -> Chart 4. Tourists accommodated in tourist accommodation facilities in December 2024 | L2: Back to the list
A3: Wyszczególnienie Specification | B3: Turyści krajowi Domestic tourists | C3: Turyści zagraniczni Foreign tourists
A4: Powiat bieszczadzki | B4: 7075 | C4: 168
A5: Powiat brzozowski | B5: 235 | C5: 11
A6: Powiat dębicki | B6: 1828 | C6: 241
A7: Powiat jarosławski | B7: 6927 | C7: 898
A8: Powiat jasielski | B8: 441 | C8: 22
A9: Powiat kolbuszowski | B9: 163 | C9: 0
A10: Powiat krośnieński | B10: 3326 | C10: 21
A11: Powiat leski | B11: 7228 | C11: 134
A12: Powiat leżajski | B12: 683 | C12: 33
A13: Powiat lubaczowski | B13: 1580 | C13: 226
A14: Powiat łańcucki | B14: 921 | C14: 240
A15: Powiat mielecki | B15: 1939 | C15: 347
... A28: M.Tarnobrzeg | B28: 888 | C28: 323

Sheet Wykres 5
A1: =_xlfn.CONCAT('Spis wykresów i map'!A15," ",'Spis wykresów i map'!B15) -> Wykres 5. Wybrane przestępstwa stwierdzone w okresie od stycznia do września 2024 r. | J1: Powrót do spisu
A2: =_xlfn.CONCAT('Spis wykresów i map'!A16," ",'Spis wykresów i map'!B16) -> Chart 5. Selected ascertained crimes in January-September 2024 | J2: Back to the list
A4: Wyszczególnienie Specification | B4: Kryminalne Criminal | C4: Gospodarcze Economic | D4: Drogowe Road
A5: Powiat bieszczadzki | B5: 84 | C5: 42 | D5: 16
A6: Powiat brzozowski | B6: 168 | C6: 196 | D6: 64
A7: Powiat dębicki | B7: 598 | C7: 333 | D7: 139
A8: Powiat jarosławski | B8: 284 | C8: 162 | D8: 133
A9: Powiat jasielski | B9: 310 | C9: 246 | D9: 81
A10: Powiat kolbuszowski | B10: 178 | C10: 165 | D10: 55
A11: Powiat krośnieński | B11: 246 | C11: 288 | D11: 113
A12: Powiat leski | B12: 140 | C12: 59 | D12: 36
A13: Powiat leżajski | B13: 186 | C13: 120 | D13: 58
A14: Powiat lubaczowski | B14: 149 | C14: 88 | D14: 49
A15: Powiat łańcucki | B15: 287 | C15: 409 | D15: 79
A16: Powiat mielecki | B16: 720 | C16: 328 | D16: 118
... A29: M.Tarnobrzeg | B29: 414 | C29: 151 | D29: 43

Sheet Mapa 1
A1: =_xlfn.CONCAT('Spis wykresów i map'!A20," ",'Spis wykresów i map'!B20) -> Mapa 1. Przedsiębiorstwa nowo zarejestrowane w układzie przestrzennym | F1: Powrót do spisu
A2: =_xlfn.CONCAT('Spis wykresów i map'!A21," ",'Spis wykresów i map'!B21) -> Map 1. Newly registered enterprises in spatial layout | F2: Back to the list
A4: Uwaga: Dane dostępne tylko w układzie współrzędnych geograficznych.

Sheet Mapa 2
A1: =_xlfn.CONCAT('Spis wykresów i map'!A22," ",'Spis wykresów i map'!B22) -> Mapa 2. Przedsiębiorstwa wyrejestrowane w układzie przestrzennym | F1: Powrót do spisu
A2: =_xlfn.CONCAT('Spis wykresów i map'!A23," ",'Spis wykresów i map'!B23) -> Map 2. Deregistered enterprises in spatial layout | F2: Back to the list
A4: Uwaga: Dane dostępne tylko w układzie współrzędnych geograficznych.

Sheet Mapa 3
A1: =_xlfn.CONCAT('Spis wykresów i map'!A24," ",'Spis wykresów i map'!B24) -> Mapa 3. Zmiana liczby przedsiębiorstw — styczeń 2025 r. | F1: Powrót do spisu
A2: =_xlfn.CONCAT('Spis wykresów i map'!A25," ",'Spis wykresów i map'!B25) -> Map 3. Change in the number of enterprises — January 2025 | F2: Back to the list
A4: Wyszczególnienie Specification | B4: Zmiana w skali roku w % Change year on year in %
A5: POLSKA Poland | B5: 2.9022592
A6: WOJ. PODKARPACKIE | B6: 2.2206357
A7: Powiat bieszczadzki | B7: 0.042918455
A8: Powiat brzozowski | B8: 1.8603527
A9: Powiat dębicki | B9: 2.7260211
A10: Powiat jarosławski | B10: 2.608791
A11: Powiat jasielski | B11: 2.011394
A12: Powiat kolbuszowski | B12: 2.8111539
A13: Powiat krośnieński | B13: 1.8171229
A14: Powiat leski | B14: 1.5610928
A15: Powiat leżajski | B15: 1.9202973
A16: Powiat lubaczowski | B16: 0.5077574
... A31: M.Tarnobrzeg | B31: -0.14715157

Sheet Mapa 4
A1: =_xlfn.CONCAT('Spis wykresów i map'!A26," ",'Spis wykresów i map'!B26) -> Mapa 4. Osoby fizyczne prowadzące działalność gospodarczą — styczeń 2025 r. | F1: Powrót do spisu
A2: =_xlfn.CONCAT('Spis wykresów i map'!A27," ",'Spis wykresów i map'!B27) -> Map 4. Natural persons conducting economic activity — January 2025 | F2: Back to the list
A4: Wyszczególnienie Specification | B4: Osoby fizyczne na 1000 ludności Natural person per 1000 population
A5: POLSKA Poland | B5: 97.4698
A6: WOJ. PODKARPACKIE | B6: 75.781067
A7: Powiat bieszczadzki | B7: 105.44533
A8: Powiat brzozowski | B8: 59.900589
A9: Powiat dębicki | B9: 71.160822
A10: Powiat jarosławski | B10: 65.829581
A11: Powiat jasielski | B11: 70.779562
A12: Powiat kolbuszowski | B12: 64.194336
A13: Powiat krośnieński | B13: 72.049724
A14: Powiat leski | B14: 123.01007
A15: Powiat leżajski | B15: 64.278727
A16: Powiat lubaczowski | B16: 62.193721
... A31: M.Tarnobrzeg | B31: 89.919948

Sheet Mapa 5
A1: =_xlfn.CONCAT('Spis wykresów i map'!A28," ",'Spis wykresów i map'!B28) -> Mapa 5. Spółki handlowe — styczeń 2025 r. | F1: Powrót do spisu
A2: =_xlfn.CONCAT('Spis wykresów i map'!A29," ",'Spis wykresów i map'!B29) -> Map 5. Commercial companies — January 2025 | F2: Back to the list
A4: Wyszczególnienie Specification | B4: Spółki handlowe na 1000 ludności Commercial companies per 1000 population
A5: POLSKA Poland | B5: 18.754031
A6: WOJ. PODKARPACKIE | B6: 9.8493618
A7: Powiat bieszczadzki | B7: 6.1424463
A8: Powiat brzozowski | B8: 3.461911
A9: Powiat dębicki | B9: 7.1266626
A10: Powiat jarosławski | B10: 7.3346034
A11: Powiat jasielski | B11: 4.6399218
A12: Powiat kolbuszowski | B12: 5.3727334
A13: Powiat krośnieński | B13: 3.5227178
A14: Powiat leski | B14: 5.3723089
A15: Powiat leżajski | B15: 4.9213635
A16: Powiat lubaczowski | B16: 3.4839204
... A31: M.Tarnobrzeg | B31: 7.5450865

Sheet Mapa 6
A1: =_xlfn.CONCAT('Spis wykresów i map'!A30," ",'Spis wykresów i map'!B30) -> Mapa 6. Wskaźnik rentowności sprzedaży brutto w przedsiębiorstwach w okresie styczeń–wrzesień 2024 r. | F1: Powrót do spisu
A2: =_xlfn.CONCAT('Spis wykresów i map'!A31," ",'Spis wykresów i map'!B31) -> Map 6. Gross sales profitability indicator in enterprises in January–September 2024 | F2: Back to the list
A4: Wyszczególnienie Specification | B4: Wskaźnik rentowności sprzedaży brutto Gross sales profitability indicator %
A5: Powiat bieszczadzki | B5: 12.443396
A6: Powiat brzozowski | B6: 7.2193671
A7: Powiat dębicki | B7: 3.9603993
A8: Powiat jarosławski | B8: 5.8106287
A9: Powiat jasielski | B9: 2.8140223
A10: Powiat kolbuszowski | B10: tajemnica statystyczna
A11: Powiat krośnieński | B11: 8.7735336
A12: Powiat leski | B12: 1.0690955
A13: Powiat leżajski | B13: 0.36106054
A14: Powiat lubaczowski | B14: 1.9195738
A15: Powiat łańcucki | B15: 6.5170969
A16: Powiat mielecki | B16: 8.7591923
A17: Powiat niżański | B17: 19.433081
A18: Powiat przemyski | B18: 1.0446109
A19: Powiat przeworski | B19: 1.9301081
A20: Powiat ropczycko-sędziszowski | B20: 5.0372058
A21: Powiat rzeszowski | B21: 6.3773625
A22: Powiat sanocki | B22: 3.6975278
... A29: M.Tarnobrzeg | B29: -1.2333097

Sheet Mapa 7
A1: =_xlfn.CONCAT('Spis wykresów i map'!A32," ",'Spis wykresów i map'!B32) -> Mapa 7. Udział przychodów ze sprzedaży produktów, towarów i materiałów na eksport w przychodach netto ze sprzedaży produktów, towarów i materiałów ogółem w przedsiębiorstwach w okresie styczeń–wrzesień 2024 r. | V1: Powrót do spisu
A2: =_xlfn.CONCAT('Spis wykresów i map'!A33," ",'Spis wykresów i map'!B33) -> Map 7. Share of revenues from sale of products, goods and materials for export in total net revenues from sale of products, goods and materials in enterprises in January–September 2024 | V2: Back to the list
A3: Wyszczególnienie Specification | B3: Udział przychodów ze sprzedaży produktów, towarów i materiałów na eksport w przychodach netto ze sprzedaży produktów, towarów i materiałów ogółem w przedsiębiorstwach Share of revenues from sale of products, goods and materials for export in total net revenues from sale of products, goods and materials in enterprises %
A4: Powiat bieszczadzki | B4: 0.13622775
A5: Powiat brzozowski | B5: 19.001333
A6: Powiat dębicki | B6: 39.284343
A7: Powiat jarosławski | B7: 16.692876
A8: Powiat jasielski | B8: 20.038641
A9: Powiat kolbuszowski | B9: tajemnica statystyczna
A10: Powiat krośnieński | B10: 22.833726
A11: Powiat leski | B11: 2.9131375
A12: Powiat leżajski | B12: 27.333607
A13: Powiat lubaczowski | B13: 14.4
A14: Powiat łańcucki | B14: 21.79122
A15: Powiat mielecki | B15: 43.691951
A16: Powiat niżański | B16: 24.47609
A17: Powiat przemyski | B17: 8.038424
A18: Powiat przeworski | B18: 58.198245
A19: Powiat ropczycko-sędziszowski | B19: 58.317219
A20: Powiat rzeszowski | B20: 62.028191
A21: Powiat sanocki | B21: 60.064774
... A28: M.Tarnobrzeg | B28: 16.742217

Sheet Mapa 8
A1: =_xlfn.CONCAT('Spis wykresów i map'!A34," ",'Spis wykresów i map'!B34) -> Mapa 8. Wskaźnik rentowności aktywów w przedsiębiorstwach w okresie styczeń–wrzesień 2024 r. | K1: Powrót do spisu
A2: =_xlfn.CONCAT('Spis wykresów i map'!A35," ",'Spis wykresów i map'!B35) -> Map 8. Return on assets indicator in enterprises in January–September 2024 | K2: Back to the list
A4: Wyszczególnienie Specification | B4: Wskaźnik rentowności aktywów Return on assets indicator %
A5: Powiat bieszczadzki | B5: 3.2363163
A6: Powiat brzozowski | B6: 5.7934881
A7: Powiat dębicki | B7: 3.4953878
A8: Powiat jarosławski | B8: 6.1813871
A9: Powiat jasielski | B9: 2.1100635
A10: Powiat kolbuszowski | B10: tajemnica statystyczna
A11: Powiat krośnieński | B11: 7.1711275
A12: Powiat leski | B12: 3.3861194
A13: Powiat leżajski | B13: -0.24483651
A14: Powiat lubaczowski | B14: 3.2787772
A15: Powiat łańcucki | B15: 7.7435153
A16: Powiat mielecki | B16: 7.3703996
A17: Powiat niżański | B17: 15.408808
A18: Powiat przemyski | B18: 2.7015697
A19: Powiat przeworski | B19: 0.17387342
A20: Powiat ropczycko-sędziszowski | B20: 4.5568605
A21: Powiat rzeszowski | B21: 5.2013772
A22: Powiat sanocki | B22: 3.4165862
... A29: M.Tarnobrzeg | B29: -0.55142732

Sheet Mapa 9
A1: =_xlfn.CONCAT('Spis wykresów i map'!A36," ",'Spis wykresów i map'!B36) -> Mapa 9. Wskaźnik rentowności kapitału własnego w przedsiębiorstwach w okresie styczeń–wrzesień 2024 r. | I1: Powrót do spisu
A2: =_xlfn.CONCAT('Spis wykresów i map'!A37," ",'Spis wykresów i map'!B37) -> Map 9. Return on equity indicator in enterprises in January–September 2024 | I2: Back to the list
A4: Wyszczególnienie Specification | B4: Wskaźnik rentowności kapitału własnego Return on equity indicator %
A5: Powiat bieszczadzki | B5: 4.6816866
A6: Powiat brzozowski | B6: 8.2851342
A7: Powiat dębicki | B7: 6.7627479
A8: Powiat jarosławski | B8: 10.522458
A9: Powiat jasielski | B9: 3.0356847
A10: Powiat kolbuszowski | B10: tajemnica statystyczna
A11: Powiat krośnieński | B11: 12.530242
A12: Powiat leski | B12: 7.6834261
A13: Powiat leżajski | B13: -0.70720211
A14: Powiat lubaczowski | B14: 5.1400964
A15: Powiat łańcucki | B15: 14.44548
A16: Powiat mielecki | B16: 12.494019
A17: Powiat niżański | B17: 18.803862
A18: Powiat przemyski | B18: 5.3806652
A19: Powiat przeworski | B19: 0.25606522
A20: Powiat ropczycko-sędziszowski | B20: 7.7845231
A21: Powiat rzeszowski | B21: 10.285042
A22: Powiat sanocki | B22: 5.7193665
... A29: M.Tarnobrzeg | B29: -0.88822181

Sheet Mapa 10
A1: =_xlfn.CONCAT('Spis wykresów i map'!A38," ",'Spis wykresów i map'!B38) -> Mapa 10. Ruch naturalny ludności w 1 półroczu 2024 r. | F1: Powrót do spisu
A2: =_xlfn.CONCAT('Spis wykresów i map'!A39," ",'Spis wykresów i map'!B39) -> Map 10. Vital statistics in the first half of 2024 | F2: Back to the list
A4: Wyszczególnienie Specification | B4: Urodzenia żywe Live births | C4: Zgony Deaths | D4: Przyrost naturalny Natural increase
A5: POLSKA Poland | B5: 7.2 | C5: 10.9 | D5: -3.6
A6: WOJ. PODKARPACKIE | B6: 7.2 | C6: 9.5 | D6: -2.3
A7: Powiat bieszczadzki | B7: 4.8788 | C7: 9.7092 | D7: -4.8305
A8: Powiat brzozowski | B8: 7.1433 | C8: 9.3825 | D8: -2.2392
A9: Powiat dębicki | B9: 7.4233 | C9: 8.7873 | D9: -1.3641
A10: Powiat jarosławski | B10: 6.7302 | C10: 9.4155 | D10: -2.6852
A11: Powiat jasielski | B11: 6.0131 | C11: 10.095 | D11: -4.0819
A12: Powiat kolbuszowski | B12: 7.441 | C12: 9.236 | D12: -1.795
A13: Powiat krośnieński | B13: 6.8857 | C13: 9.6858 | D13: -2.8002
A14: Powiat leski | B14: 6.9766 | C14: 9.9161 | D14: -2.9396
A15: Powiat leżajski | B15: 7.0667 | C15: 9.3874 | D15: -2.3206
A16: Powiat lubaczowski | B16: 6.5016 | C16: 10.8992 | D16: -4.3976
... A31: M.Tarnobrzeg | B31: 4.8396 | C31: 10.1563 | D31: -5.3167

Sheet Mapa 11
A1: =_xlfn.CONCAT('Spis wykresów i map'!A40," ",'Spis wykresów i map'!B40) -> Mapa 11. Mediana wieku w 2023 r. | F1: Powrót do spisu
A2: =_xlfn.CONCAT('Spis wykresów i map'!A41," ",'Spis wykresów i map'!B41) -> Map 11. Median age in 2023 | F2: Back to the list
A4: Wyszczególnienie Specification | B4: Mediana wieku Median age
A5: POLSKA Poland | B5: 42.8
A6: WOJ. PODKARPACKIE | B6: 42.3
A7: Powiat bieszczadzki | B7: 43.746933
A8: Powiat brzozowski | B8: 41.791707
A9: Powiat dębicki | B9: 41.460852
A10: Powiat jarosławski | B10: 42.450944
A11: Powiat jasielski | B11: 43.563424
A12: Powiat kolbuszowski | B12: 41.150713
A13: Powiat krośnieński | B13: 42.471321
A14: Powiat leski | B14: 44.301865
A15: Powiat leżajski | B15: 42.22332
A16: Powiat lubaczowski | B16: 43.466071
... A31: M.Tarnobrzeg | B31: 47.001372

Sheet Mapa 12
A1: =_xlfn.CONCAT('Spis wykresów i map'!A42," ",'Spis wykresów i map'!B42) -> Mapa 12. Stopa bezrobocia rejestrowanego w końcu stycznia 2025 r. | K1: Powrót do spisu
A2: =_xlfn.CONCAT('Spis wykresów i map'!A43," ",'Spis wykresów i map'!B43) -> Map 12. Registered unemployment rate at the end of January 2025 | K2: Back to the list
A4: Wyszczególnienie Specification | B4: Stopa bezrobocia w % Unemployment rate in %
A5: POLSKA Poland | B5: 5.4
A6: WOJ. PODKARPACKIE | B6: 9.1
A7: Powiat bieszczadzki | B7: 17.1
A8: Powiat brzozowski | B8: 21.5
A9: Powiat dębicki | B9: 4.8
A10: Powiat jarosławski | B10: 11.7
A11: Powiat jasielski | B11: 13.4
A12: Powiat kolbuszowski | B12: 8.6
A13: Powiat krośnieński | B13: 9.3
A14: Powiat leski | B14: 19.6
A15: Powiat leżajski | B15: 14.8
A16: Powiat lubaczowski | B16: 10.8
... A31: M.Tarnobrzeg | B31: 7.3

Sheet Mapa 13
A1: =_xlfn.CONCAT('Spis wykresów i map'!A44," ",'Spis wykresów i map'!B44) -> Mapa 13. Bezrobotni na 1 ofertę pracy w końcu stycznia 2025 r. | J1: Powrót do spisu
A2: =_xlfn.CONCAT('Spis wykresów i map'!A45," ",'Spis wykresów i map'!B45) -> Map 13. Number of unemployed persons per 1 job offer at the end of January 2025 | J2: Back to the list
A5: Wyszczególnienie Specification | B5: Liczba bezrobotnych na 1 ofertę pracy Number of unemployed persons per 1 job offer
A6: POLSKA Poland | B6: 16
A7: WOJ. PODKARPACKIE | B7: 43
A8: Powiat bieszczadzki | B8: 151
A9: Powiat brzozowski | B9: 989
A10: Powiat dębicki | B10: 14
A11: Powiat jarosławski | B11: 96
A12: Powiat jasielski | B12: 30
A13: Powiat kolbuszowski | B13: 35
A14: Powiat krośnieński | B14: 74
A15: Powiat leski | B15: 197
A16: Powiat leżajski | B16: 39
A17: Powiat lubaczowski | B17: 74
... A32: M.Tarnobrzeg | B32: 39

Sheet Mapa 14
A1: =_xlfn.CONCAT('Spis wykresów i map'!A46," ",'Spis wykresów i map'!B46) -> Mapa 14. Bezrobotni według wykształcenia w końcu grudnia 2024 r. | K1: Powrót do spisu
A2: =_xlfn.CONCAT('Spis wykresów i map'!A47," ",'Spis wykresów i map'!B47) -> Map 14. Unemployed persons by education at the end of December 2024 | K2: Back to the list
A4: Wyszczególnienie Specification | B4: Ogółem Total | C4: Wykształenie Education
C5: wyższe tertiary | D5: policealne i średnie zawodowe post-secondary and vocational | E5: średnie ogólnokształcące general secondary | F5: zasadnicze zawodowe basic vocational | G5: gimnazjalne, podstawowe i niepełne podstawowe lower secondary and lower
B6: %
A7: POLSKA Poland | B7: 100 | C7: 14.781494 | D7: 22.439546 | E7: 12.50186 | F7: 24.523296 | G7: 25.753804
A8: WOJ. PODKARPACKIE | B8: 100 | C8: 15.828086 | D8: 27.270702 | E8: 11.741119 | F8: 27.184567 | G8: 17.975526
A9: Powiat bieszczadzki | B9: 100 | C9: 11.150442 | D9: 25.575221 | E9: 11.150442 | F9: 30.176991 | G9: 21.946903
A10: Powiat brzozowski | B10: 100 | C10: 11.296296 | D10: 29.021164 | E10: 8.9153439 | F10: 33.333333 | G10: 17.433862
A11: Powiat dębicki | B11: 100 | C11: 13.823948 | D11: 29.192925 | E11: 10.469608 | F11: 30.087416 | G11: 16.426103
A12: Powiat jarosławski | B12: 100 | C12: 17.86927 | D12: 27.716469 | E12: 8.2767402 | F12: 29.66893 | G12: 16.468591
A13: Powiat jasielski | B13: 100 | C13: 15.133634 | D13: 30.197848 | E13: 9.3717459 | F13: 27.941687 | G13: 17.355085
A14: Powiat kolbuszowski | B14: 100 | C14: 11.066049 | D14: 30.069525 | E14: 10.602549 | F14: 28.505214 | G14: 19.756663
A15: Powiat krośnieński | B15: 100 | C15: 29.238329 | D15: 27.027027 | E15: 13.022113 | F15: 16.707617 | G15: 14.004914
A16: Powiat leski | B16: 100 | C16: 15.304077 | D16: 23.99198 | E16: 11.494765 | F16: 28.469592 | G16: 20.739586
A17: Powiat leżajski | B17: 100 | C17: 11.795775 | D17: 21.126761 | E17: 13.497653 | F17: 33.861502 | G17: 19.71831
A18: Powiat lubaczowski | B18: 100 | C18: 11.460446 | D18: 24.881677 | E18: 13.387424 | F18: 27.45098 | G18: 22.819473
... A33: Powiat m.Tarnobrzeg | B33: 100 | C33: 25.225225 | D33: 25.125125 | E33: 13.013013 | F33: 22.222222 | G33: 14.414414

Sheet Mapa 15
A1: =_xlfn.CONCAT('Spis wykresów i map'!A48," ",'Spis wykresów i map'!B48) -> Mapa 15. Bezrobotni według wieku w końcu grudnia 2024 r. | K1: Powrót do spisu
A2: =_xlfn.CONCAT('Spis wykresów i map'!A49," ",'Spis wykresów i map'!B49) -> Map 15. Unemployed persons by age at the end of December 2024 | K2: Back to the list
A4: Wyszczególnienie Specification | B4: Ogółem Total | C4: Wiek Age
C5: 18-24 | D5: 25-34 | E5: 35-44 | F5: 45-54 | G5: 55 lat i więcej years and more
B6: %
A7: POLSKA Poland | B7: 100 | C7: 12.955701 | D7: 22.949354 | E7: 25.679012 | F7: 22.027299 | G7: 16.388634
A8: WOJ. PODKARPACKIE | B8: 100 | C8: 14.452893 | D8: 24.980694 | E8: 25.576215 | F8: 19.855649 | G8: 15.134549
A9: Powiat bieszczadzki | B9: 100 | C9: 14.778761 | D9: 27.699115 | E9: 24.690265 | F9: 18.761062 | G9: 14.070796
A10: Powiat brzozowski | B10: 100 | C10: 15.608466 | D10: 25.026455 | E10: 24.94709 | F10: 19.84127 | G10: 14.57672
A11: Powiat dębicki | B11: 100 | C11: 14.779427 | D11: 24.78146 | E11: 25.919902 | F11: 20.939215 | G11: 13.579996
A12: Powiat jarosławski | B12: 100 | C12: 13.412564 | D12: 26.061121 | E12: 24.490662 | F12: 20.755518 | G12: 15.280136
A13: Powiat jasielski | B13: 100 | C13: 14.960083 | D13: 24.644221 | E13: 27.073933 | F13: 20.027768 | G13: 13.293995
A14: Powiat kolbuszowski | B14: 100 | C14: 12.630359 | D14: 24.275782 | E14: 25.376593 | F14: 21.726535 | G14: 15.99073
A15: Powiat krośnieński | B15: 100 | C15: 11.056511 | D15: 22.481572 | E15: 29.97543 | F15: 23.218673 | G15: 13.267813
A16: Powiat leski | B16: 100 | C16: 14.836266 | D16: 24.12564 | E16: 25.707284 | F16: 20.160392 | G16: 15.170417
A17: Powiat leżajski | B17: 100 | C17: 18.42723 | D17: 22.476526 | E17: 21.478873 | F17: 19.835681 | G17: 17.78169
A18: Powiat lubaczowski | B18: 100 | C18: 13.995943 | D18: 26.808654 | E18: 24.104124 | F18: 19.303584 | G18: 15.787694
... A33: M.Tarnobrzeg | B33: 100 | C33: 11.411411 | D33: 22.222222 | E33: 26.026026 | F33: 23.823824 | G33: 16.516517

Sheet Mapa 16
A1: =_xlfn.CONCAT('Spis wykresów i map'!A50," ",'Spis wykresów i map'!B50) -> Mapa 16. Zmiana liczby mieszkań oddanych do użytkowania w styczniu 2025 r. | L1: Powrót do spisu
A2: =_xlfn.CONCAT('Spis wykresów i map'!A51," ",'Spis wykresów i map'!B51) -> Map 16. Change in the number of dwellings completed in January 2025 | L2: Back to the list
A4: Wyszczególnienie Specification | B4: %
A5: POLSKA Poland | B5: 3.8
A6: WOJ. PODKARPACKIE | B6: 17.7
A7: Powiat bieszczadzki | B7: -66.7
A8: Powiat brzozowski | B8: -40
A9: Powiat dębicki | B9: 61.9
A10: Powiat jarosławski | B10: -77
A11: Powiat jasielski | B11: -22.2
A12: Powiat kolbuszowski | B12: -37.5
A13: Powiat krośnieński | B13: 0
A14: Powiat leski | B14: -93.5
A15: Powiat leżajski | B15: -25
A16: Powiat lubaczowski | B16: 20
... A31: M.Tarnobrzeg | B31: 0

Sheet Mapa 17
A1: =_xlfn.CONCAT('Spis wykresów i map'!A52," ",'Spis wykresów i map'!B52) -> Mapa 17. Zmiana liczby mieszkań, na realizację których wydano pozwolenia lub dokonano zgłoszenia z projektem budowlanym w styczniu 2025 r. | O1: Powrót do spisu
A2: =_xlfn.CONCAT('Spis wykresów i map'!A53," ",'Spis wykresów i map'!B53) -> Map 17. Change in the number of dwellings which received construction permits or which were registered with a construction project in January 2025 | O2: Back to the list
A4: Wyszczególnienie Specification | B4: %
A5: POLSKA Poland | B5: -4.7
A6: WOJ. PODKARPACKIE | B6: -24.5
A7: Powiat bieszczadzki | B7: -
A8: Powiat brzozowski | B8: 14.3
A9: Powiat dębicki | B9: 14
A10: Powiat jarosławski | B10: -17.4
A11: Powiat jasielski | B11: 10
A12: Powiat kolbuszowski | B12: -92.6
A13: Powiat krośnieński | B13: 216.7
A14: Powiat leski | B14: 66.7
A15: Powiat leżajski | B15: -65
A16: Powiat lubaczowski | B16: -16.7
A17: Powiat łańcucki | B17: -34.4
A18: Powiat mielecki | B18: -86.2
A19: Powiat niżański | B19: -26.3
... A31: M.Tarnobrzeg | B31: -28.6

Sheet Mapa 18
A1: =_xlfn.CONCAT('Spis wykresów i map'!A54," ",'Spis wykresów i map'!B54) -> Mapa 18. Zmiana liczby mieszkań, których budowę rozpoczęto w styczniu 2025 r. | M1: Powrót do spisu
A2: =_xlfn.CONCAT('Spis wykresów i map'!A55," ",'Spis wykresów i map'!B55) -> Map 18. Change in the number of dwellings whose construction started in January 2025 | M2: Back to the list
A4: Wyszczególnienie Specification | B4: %
A5: POLSKA Poland | B5: 9.6
A6: WOJ. PODKARPACKIE | B6: 38
A7: Powiat bieszczadzki | B7: 0
A8: Powiat brzozowski | B8: 100
A9: Powiat dębicki | B9: -4.3
A10: Powiat jarosławski | B10: -88.3
A11: Powiat jasielski | B11: -50
A12: Powiat kolbuszowski | B12: 85.7
A13: Powiat krośnieński | B13: 85.7
A14: Powiat leski | B14: -
A15: Powiat leżajski | B15: 481.8
A16: Powiat lubaczowski | B16: -75
A17: Powiat łańcucki | B17: 140
A18: Powiat mielecki | B18: -60.4
A19: Powiat niżański | B19: 166.7
A20: Powiat przemyski | B20: -60
A21: Powiat przeworski | B21: 133.3
A22: Powiat ropczycko-sędziszowski | B22: 50
A23: Powiat rzeszowski | B23: 41.5
A24: Powiat sanocki | B24: -55.6
A25: Powiat stalowowolski | B25: 18.2
A26: Powiat strzyżowski | B26: -20
... A31: M.Tarnobrzeg | B31: 400

Sheet Mapa 19
A1: =_xlfn.CONCAT('Spis wykresów i map'!A56," ",'Spis wykresów i map'!B56) -> Mapa 19. Stopień wykorzystania miejsc noclegowych w turystycznych obiektach noclegowych w grudniu 2024 r. | M1: Powrót do spisu
A2: =_xlfn.CONCAT('Spis wykresów i map'!A57," ",'Spis wykresów i map'!B57) -> Map 19. Occupancy rate of bed places in tourist accommodation facilities in December 2024 | M2: Back to the list
A3: Wyszczególnienie Specification | B3: Stopień wykorzystania miejsc noclegowych w % Occupancy rate of bed places in %
A4: POLSKA Poland | B4: 33
A5: WOJ. PODKARPACKIE | B5: 24.1
A6: Powiat bieszczadzki | B6: 24.7
A7: Powiat brzozowski | B7: 4.6
A8: Powiat dębicki | B8: 15.2
A9: Powiat jarosławski | B9: 27.2
A10: Powiat jasielski | B10: 8.9
A11: Powiat kolbuszowski | B11: 38.6
A12: Powiat krośnieński | B12: 42.6
A13: Powiat leski | B13: 15.4
A14: Powiat leżajski | B14: 13.4
A15: Powiat lubaczowski | B15: 44.4
... A30: M.Tarnobrzeg | B30: 16.2

Sheet Mapa 20
A1: =_xlfn.CONCAT('Spis wykresów i map'!A58," ",'Spis wykresów i map'!B58) -> Mapa 20. Wskaźniki wykrywalności sprawców przestępstw w okresie od stycznia do września 2024 r. | M1: Powrót do spisu
A2: =_xlfn.CONCAT('Spis wykresów i map'!A59," ",'Spis wykresów i map'!B59) -> Map 20. Rate of detectability of delinquents in January-September 2024 | M2: Back to the list
A4: Wyszczególnienie Specification | B4: Wskaźniki wykrywalności sprawców przestępstw Rate of detectability of delinquents
A5: POLSKA Poland | B5: 77.8
A6: WOJ. PODKARPACKIE | B6: 72.6
A7: Powiat bieszczadzki | B7: 68.4
A8: Powiat brzozowski | B8: 72.8
A9: Powiat dębicki | B9: 72.6
A10: Powiat jarosławski | B10: 74.3
A11: Powiat jasielski | B11: 64.1
A12: Powiat kolbuszowski | B12: 65.7
A13: Powiat krośnieński | B13: 59.5
A14: Powiat leski | B14: 88.2
A15: Powiat leżajski | B15: 80.5
A16: Powiat lubaczowski | B16: 69.1
... A31: M.Tarnobrzeg | B31: 82

Sheet Mapa 21
A1: =_xlfn.CONCAT('Spis wykresów i map'!A60," ",'Spis wykresów i map'!B60) -> Mapa 21. Wartość podpisanych umów o dofinansowanie projektów w ramach FEP 2021-2027 (stan w końcu stycznia 2025 r.) | O1: Powrót do spisu
A2: =_xlfn.CONCAT('Spis wykresów i map'!A61," ",'Spis wykresów i map'!B61) -> Map 21. The value of signed contracts for financing projects under the EFP 2021-2027 (at the end of January 2025) | O2: Back to the list
A4: Wyszczególnienie Specification | B4: Wartość umów w mln zł The value of contracts in million PLN
A5: Powiat bieszczadzki | B5: 38.1
A6: Powiat brzozowski | B6: 137.5
A7: Powiat dębicki | B7: 98
A8: Powiat jarosławski | B8: 183
A9: Powiat jasielski | B9: 135
A10: Powiat kolbuszowski | B10: 58.1
A11: Powiat krośnieński | B11: 93.4
A12: Powiat leski | B12: 115.1
A13: Powiat leżajski | B13: 122.7
A14: Powiat lubaczowski | B14: 92
A15: Powiat łańcucki | B15: 119.4
A16: Powiat mielecki | B16: 215.6
... A29: M.Tarnobrzeg | B29: 29.1

Sheet Mapa 22
A1: =_xlfn.CONCAT('Spis wykresów i map'!A62," ",'Spis wykresów i map'!B62) -> Mapa 22. Wartość podpisanych umów o dofinansowanie projektów w ramach RPO WP 2014–2020 (stan w końcu stycznia 2025 r.) | N1: Powrót do spisu
A2: =_xlfn.CONCAT('Spis wykresów i map'!A63," ",'Spis wykresów i map'!B63) -> Map 22. The value of signed contracts for financing projects under the ROP PV 2014–2020 (at the end of January 2025) | N2: Back to the list
A4: Wyszczególnienie Specification | B4: Wartość umów w mln zł The value of contracts in million PLN
A5: Powiat bieszczadzki | B5: 147.6
A6: Powiat brzozowski | B6: 241.4
A7: Powiat dębicki | B7: 842.4
A8: Powiat jarosławski | B8: 498.2
A9: Powiat jasielski | B9: 400
A10: Powiat kolbuszowski | B10: 402.8
A11: Powiat krośnieński | B11: 422.4
A12: Powiat leski | B12: 465
A13: Powiat leżajski | B13: 377.3
A14: Powiat lubaczowski | B14: 393
A15: Powiat łańcucki | B15: 478.8
A16: Powiat mielecki | B16: 1039.4
... A29: M.Tarnobrzeg | B29: 310.5

Sheet Mapa 23
A1: =_xlfn.CONCAT('Spis wykresów i map'!A64," ",'Spis wykresów i map'!B64) -> Mapa 23. Liczba oraz wartość podpisanych umów o dofinansowanie projektów w ramach PROW (stan w końcu stycznia 2025 r.) | N1: Powrót do spisu
A2: =_xlfn.CONCAT('Spis wykresów i map'!A65," ",'Spis wykresów i map'!B65) -> Map 23. The number and value of signed contracts for financing projects under the RDP 2014–2020 (at the end of January 2025) | N2: Back to the list
A5: Wyszczególnienie Specification | B5: Liczba umów The number of contracts | C5: Wartość umów w mln zł The value of contracts in million PLN | D5: Wkład UE EU contribution
A6: Powiat bieszczadzki | B6: 64 | C6: 22.9 | D6: 14.3
A7: Powiat brzozowski | B7: 111 | C7: 55.9 | D7: 33.3
A8: Powiat dębicki | B8: 145 | C8: 46.9 | D8: 26.6
A9: Powiat jarosławski | B9: 147 | C9: 177.1 | D9: 113.4
A10: Powiat jasielski | B10: 120 | C10: 75.9 | D10: 46.1
A11: Powiat kolbuszowski | B11: 137 | C11: 56.2 | D11: 34.7
A12: Powiat krośnieński | B12: 185 | C12: 80.8 | D12: 50.8
A13: Powiat leski | B13: 101 | C13: 35.4 | D13: 23.3
A14: Powiat leżajski | B14: 149 | C14: 158.8 | D14: 98
A15: Powiat lubaczowski | B15: 116 | C15: 61.3 | D15: 40.3
A16: Powiat łańcucki | B16: 126 | C16: 56.4 | D16: 35.6
A17: Powiat mielecki | B17: 154 | C17: 92.2 | D17: 55.3
... A30: M.Tarnobrzeg | B30: 0 | C30: 0 | D30: 0
